 Dungeon Crawl Stone Soup version 0.30-a0-534-gdc55766716 (webtiles) character file.

Game seed: 5072086254660686458

6 drugrobin the Sneak (level 1, 0/18 HPs)
             Began as a Demigod Delver on Dec 24, 2022.
             Succumbed to a scorpion's poison
             ... on level 3 of the Dungeon.
             The game lasted 00:01:36 (361 turns).

drugrobin the Sneak (Demigod Delver)                 Turns: 361, Time: 00:01:36

Health: 0/18       AC:  4    Str: 13    XL:     1   Next: 60%
Magic:  3/3        EV: 11    Int: 12    God:
Gold:   37         SH:  0    Dex: 15    Spells: 0/0 levels left

rFire   . . .      SeeInvis .    b - +3 sling
rCold   . . .      Faith    .    (no shield)
rNeg    . . .      Spirit   .    d - +0 leather armour
rPois   .          Reflect  .    (no helmet)
rElec   .          Harm     .    (no cloak)
rCorr   .          Rampage  .    i - +0 pair of gloves
Will    .....                    (no boots)
Stlth   +++                      (no amulet)
HPRegen 0.23/turn                (no ring)
MPRegen 0.08/turn                (no ring)

@: lethally poisoned (0 -> -7)
A: high MP 1, forlorn, divine attributes
a: no special abilities


You were on level 3 of the Dungeon.
You visited 1 branch of the dungeon, and saw 3 of its levels.

You collected 37 gold pieces.

Inventory:

Hand Weapons
 a - a +0 falchion
 b - a +3 sling (weapon)
Armour
 d - a +0 leather armour (worn)
 i - a +0 pair of gloves (worn)
Wands
 g - a wand of digging (3)
Scrolls
 c - a scroll of fog
 e - a scroll of magic mapping
 h - 2 scrolls of identify {unknown}
 j - 3 scrolls of vulnerability {unknown}
 k - a scroll of noise {unknown}
Potions
 f - 2 potions of haste


   Skills:
 - Level 2.6 Fighting
 + Level 2.3 Long Blades
 - Level 1.7 Dodging
 - Level 4.5 Stealth


You couldn't memorise any spells.
You didn't know any spells.
Your spell library was empty.

Dungeon Overview and Level Annotations

Branches:
Dungeon (5/15)
 Temple: D:4-7

Annotations:
D:5 exclusion: iguana


Innate Abilities, Weirdness & Mutations

You have an increased reservoir of magic. (+10% MP)
You shall have no god before yourself.
Your divine heritage dramatically boosts your attributes as you level up.


Message History

Press: ? - help, Q - select action Shift-Dir - straight line, f/p - scorpion
Aim: a scorpion (heavily wounded, 60% to hit)
You shoot a sling bullet.
The sling bullet barely misses the scorpion.
The scorpion closely misses you. The scorpion stings you.
You are lethally poisoned!
The scorpion poisons you!
Unknown command.
Unknown command.
Unknown command.
Fire: b) +3 sling
Press: ? - help, Q - select action Shift-Dir - straight line, f/p - scorpion
Aim: a scorpion (heavily wounded, 60% to hit)
You shoot a sling bullet. The sling bullet hits the scorpion.
The scorpion is almost dead.
* * * LOW HITPOINT WARNING * * *
You feel very sick.
The scorpion stings you but does no damage.
Unknown command.
Unknown command.
Unknown command.
Unknown command.
Fire: b) +3 sling
Press: ? - help, Q - select action Shift-Dir - straight line, f/p - scorpion
Aim: a scorpion (almost dead, 60% to hit)
You shoot a sling bullet.
The sling bullet hits the scorpion but does no damage.
The scorpion is almost dead.
* * * LOW HITPOINT WARNING * * *
You feel sick. The scorpion barely misses you. The scorpion stings you.
* * * LOW HITPOINT WARNING * * *
Unknown command.
Unknown command.
Unknown command.
Fire: b) +3 sling
Press: ? - help, Q - select action Shift-Dir - straight line, f/p - scorpion
Aim: a scorpion (almost dead, 60% to hit)
You shoot a sling bullet. The sling bullet hits the scorpion.
The scorpion is almost dead.
You die...

**,,,,**,,,,**,,,,*#....#### #.#
,,*,**,,*.##..*.##..#.##...####.#
,,**,*,,*#.#..##.#..*#.#........#
*******,,...........*#..#...#####
* *,,..........**##...### *
*,,.........#*##...## *
*,,.........+*#..### ***
*****#......s.#*#.##
,,***_,_*#......@.###.#
,,*,,,,,*###....#.##..#
,,***,,***#...#)#....##
,,**,,,,⌠#...,+>...###
,,***,,**##.,,#.#.##
,,*,,,,,_*#,,,#.#.#
,,***,,****,,,#.#.#
,,*,,,,,_**,,,#.#.#
,,***,,********,#†#


You could see a scorpion.

Vanquished Creatures
  A giant cockroach (D:4)
  2 goblins (D:3)
  A hobgoblin (D:4)
  A rat (D:3)
5 creatures vanquished.

Notes
Turn   | Place    | Note
-------+----------+-------------------------------------------
     0 | D:5      | drugrobin the Demigod Delver began the quest for the Orb.
     0 | D:5      | Reached XP level 1. HP: 18/18 MP: 3/3
    26 | D:5      | Noticed an iguana
    32 | D:5      | Noticed a hound
   280 | D:4      | Noticed a scorpion
   361 | D:3      | Succumbed to a scorpion's poison

Illustrated notes

Levels and vault maps discovered:
D:3:      layout_basic, minitemple, nicolae_eternal_life, uniq_ijyb
D:4:      layout_basic
D:5:      layout_cave_pools, lemuel_crystal_altar, serial_column_ruins,
          column_ruins_hut, column_ruins_open_small_water,
          column_ruins_columns_corner, column_ruins_corridor_corner,
          column_ruins_open_tiny, column_ruins_open_small,
          nicolae_shop_clearance

Skill      XL: |  1 |
---------------+----+-----
Long Blades    | 2 |  2.3
Fighting       | |  2.6
Dodging        | |  1.7
Stealth        | |  4.5

Action                   || total
-------------------------++-------
Melee: Falchion          ||     7
 Fire: Sling             ||    12
  Use: Scroll            ||     2
 Stab: Sleeping          ||     2
Armor: Leather armour    ||     5
Dodge: Dodged            ||     7

Table legend: (Time is in decaauts)
 A = Elapsed time spent in this place.
 B = Non-inter-level travel time spent in this place.
 C = Inter-level travel time spent in this place.
 D = Time resting spent in this place.
 E = Time spent auto-exploring this place.
 F = Levels seen in this place.
 G = Mean time per level.
                   A        B        C        D        E       F      G
               +--------+--------+--------+--------+--------+-----+--------+
         Total |    365 |    365 |      0 |      0 |    161 |   3 |  121.7 |
       Dungeon |    365 |    365 |      0 |      0 |    161 |   3 |  121.7 |
               +--------+--------+--------+--------+--------+-----+--------+

Top non-repeatable levels by time:
     D:4: 244 daAuts
     D:3: 81 daAuts
     D:5: 40 daAuts
